 Dungeon Crawl Stone Soup version 0.20-a0-1101-g1de9d76 (webtiles) character file.

100840 nubinia the Geomancer (level 16, 20/113 HPs)
             Began as a Formicid Earth Elementalist on May 3, 2017.
             Was a High Priest of Sif Muna.
             Quit the game on level 4 of the Swamp on May 5, 2017.
             The game lasted 04:17:39 (35594 turns).

nubinia the Geomancer (FoEE)                       Turns: 35594, Time: 04:17:40

Health: 20/113     AC: 14    Str: 18    XL:     16   Next: 80%
Magic:  24/47      EV: 14    Int: 23    God:    Sif Muna [*****.]
Gold:   1418       SH:  5    Dex: 12    Spells: 4/39 levels left

rFire    . . .     SeeInvis +   b - staff of power
rCold    + . .     Gourm    .   v - +0 buckler
rNeg     . . .     Faith    .   u - +3 leather armour {rPois}
rPois    +         Spirit   .   (helmet unavailable)
rElec    .         Reflect  .   I - +0 cloak
rCorr    .         Harm     .   s - +2 pair of gloves {Str+3}
MR       +....                  Z - +0 pair of boots of Luxikeoc {Regen+}
Stlth    +++.......             m - amulet of magic regeneration
Regen    0.7/turn               R - +4 ring of intelligence
MPRegen  0.5/turn               (no ring)

@: divine energy
A: permanent stasis, dig shafts and tunnels, four strong arms, antennae 3, icy
blue scales 1, cold resistance 1, sense surroundings 1, subdued magic 1
a: Dig, Shaft Self, Stop Divine Energy, Channel Magic, Forget Spell, Renounce
Religion


You were on level 4 of the Swamp.
You worshipped Sif Muna.
Sif Muna was extremely pleased with you.
You were hungry.

You visited 4 branches of the dungeon, and saw 22 of its levels.
You also visited: Sewer.

You collected 1907 gold pieces.
You spent 489 gold pieces at shops.

Inventory:

Hand Weapons
 a - a +3 dagger of protection
Missiles
 i - 238 stones (quivered)
 F - 236 arrows
Armour
 e - a +2 robe of magic resistance
 g - a +2 robe of cold resistance
 q - a +0 leather armour of fire resistance
 s - a +2 pair of gloves of strength (worn)
 u - a +3 leather armour of poison resistance (worn)
 v - a +0 buckler (worn)
 I - a +0 cloak (worn)
 Z - the +0 pair of boots of Luxikeoc (worn) {Regen+}
   (You acquired it on level 3 of the Lair of Beasts)

   It increases your rate of regeneration.
Magical Staves
 b - an uncursed staff of power (weapon)
Jewellery
 c - an uncursed ring of ice
 m - an amulet of magic regeneration (around neck)
 o - an uncursed ring of ice
 R - a +4 ring of intelligence (left hand)
Wands
 p - a wand of paralysis (9/24)
 A - a wand of clouds (3/9)
 C - a wand of lightning (6/15)
 O - a wand of flame (17/48)
 P - a wand of acid (7/15)
Scrolls
 l - 3 scrolls of identify
 y - 9 scrolls of remove curse
 B - 2 scrolls of magic mapping
 M - 2 scrolls of fog
 V - a scroll of recharging
Potions
 d - a potion of agility
 h - 4 potions of curing
 k - 6 potions of heal wounds
 n - 6 potions of brilliance
 r - a potion of flight
 w - 4 potions of might
 D - a potion of cancellation
 E - 2 potions of ambrosia
 L - a potion of magic
 N - 2 potions of mutation
Books
 j - Sif Muna's Handbook of the Voyage and Battle Magic
   (Sif Muna gifted it to you on level 3 of the Swamp)

   Spells                             Type                      Level
   a - Magic Dart                     Conjuration                  1
   b - Flame Tongue                   Conjuration/Fire             1
   c - Stone Arrow                    Conjuration/Earth            3
   d - Teleport Other                 Translocation                3
   e - Summon Forest                  Summoning/Translocation      5
   f - Malign Gateway                 Summoning/Translocation      7
Miscellaneous
 t - a lamp of fire (inert)
Comestibles
 f - 14 royal jellies


   Skills:
 * Level 6.7 Fighting
 + Level 5.0 Short Blades
   Level 2.7 Maces & Flails
 + Level 4.4 Armour
 + Level 5.2 Dodging
 + Level 8.1 Stealth
 + Level 4.0 Shields
 + Level 3.8 Unarmed Combat
 * Level 12.4 Spellcasting
 * Level 12.2 Conjurations
 + Level 3.0 Charms
 + Level 2.1 Translocations
 + Level 11.0 Transmutations
 * Level 7.9 Fire Magic
 * Level 14.5 Earth Magic
 + Level 1.8 Evocations


You had 4 spell levels left.
You knew the following spells:

 Your Spells              Type           Power        Failure   Level  Hunger
a - Throw Flame           Conj/Fire      #####.       1%          2    None
b - Stone Arrow           Conj/Erth      ######       1%          3    None
c - Sticky Flame          Conj/Fire      #####...     1%          4    None
d - Sticks to Snakes      Tmut           #####...     1%          2    None
e - Magic Dart            Conj           ####         0%          1    None
f - Force Lance           Conj/Tloc      #####...     1%          4    None
g - Sandblast             Erth           ######       0%          1    None
h - Mephitic Cloud        Conj/Pois/Air  ####....     2%          3    None
i - Iskenderun's Battles  Conj/Chrm      #####...     4%          5    ###....
l - Lee's Rapid Deconstr  Erth           ######....   1%          5    ###....
p - Passwall              Tmut/Erth      ######....   1%          2    None
C - Conjure Flame         Conj/Fire      #####...     1%          3    None


Dungeon Overview and Level Annotations

Branches:
Dungeon (10/15)            Temple (0/1) D:7            Lair (6/6) D:10
  Swamp (4/4) Lair:2       Spider (0/4) Lair:2        Slime (0/5) Lair:6
    Orc (2/2) D:9             Elf (0/3) Orc:2

Altars:
Ashenzari
Dithmenos
Elyvilon
Fedhas
Gozag
Hepliaklqana
Kikubaaqudgha
Okawaru
Qazlal
Sif Muna
Uskayaw
Vehumet
Wu Jian
Xom
Beogh
Jiyva

Shops:
D:7 :   Orc:2 [?:}

Annotations:
Lair:3 exclusion: door
Lair:5 exclusion: oklob plant
Lair:6 exclusion: oklob plant


Innate Abilities, Weirdness & Mutations

You cannot be hasted, slowed, berserked, paralysed or teleported.
You can dig through walls and to a lower floor.
Your four strong arms can wield two-handed weapons with a shield.
You have a pair of large antennae on your head. (SInv)
You are partially covered in icy blue scales. (AC +2)
Your flesh is cold resistant. (rC+)
You passively map a small area around you.
Your spells are a little easier to cast, but a little less powerful.


Message History

Your battlesphere is destroyed!
Unknown command.
Casting: Force Lance
Confirm with . or Enter, or press ? or * to list all spells.
Aiming: Sticky Flame
Press: ? - help, Shift-Dir - straight line, f - seven-headed hydra
Aim: a seven-headed hydra (lightly wounded)
The sticky flame hits the seven-headed hydra.
The seven-headed hydra is moderately wounded.
The seven-headed hydra is covered in liquid flames!
The seven-headed hydra burns!
The seven-headed hydra bites you.
The seven-headed hydra bites you but does no damage.
You block the seven-headed hydra's attack.
The seven-headed hydra barely misses you.
The seven-headed hydra bites you!
You block the seven-headed hydra's attack.
The seven-headed hydra bites you!
* * * LOW HITPOINT WARNING * * *
Okay, then.
Are you sure you want to abandon this character and quit the game? (Confirm with "yes".)

*,,,,≈,,≈*≈≈≈,≈***,≈,,≈,,≈≈,,,,,
**,≈,,***.≈≈≈≈.....≈♣♣≈,≈,≈≈≈≈,≈
***≈≈****.≈≈..≈≈≈.≈.**≈≈,*≈≈≈,*
*≈,≈****...≈≈≈.≈≈≈,*,≈,**,,,,
*****≈* ♣♣≈.≈≈≈.≈≈≈,********≈≈
*≈***** ♣.≈≈..≈.≈≈≈≈≈≈*≈,,,**≈
**≈≈≈≈*♣♣≈≈≈≈≈≈♣*,,≈≈≈,,≈≈,≈*,
*≈≈≈≈*♣..≈≈≈≈≈♣****,≈,,≈≈≈***
♣♣≈≈**♣♣≈≈≈≈F@♣* *≈,,,,****,
*≈♣≈≈*♣≈≈≈≈.D♣♣♣ *≈,≈≈≈,≈*,≈
♣♣♣≈♣**♣♣♣♣♣♣...♣♣ **,≈≈≈≈≈*≈≈
**♣≈≈..♣* ♣♣≈≈≈.♣ *≈**,≈≈≈,,,
,♣♣..≈§.* ♣≈≈≈≈.♣*******,,**≈≈
≈.≈≈≈≈≈.♣♣♣♣♣♣♣≈≈≈D♣,≈,≈***,,**,≈
≈≈≈≈≈≈≈...<.{♣.≈≈≈.♣,≈,,≈♣♣*****≈
≈≈≈..≈≈...≈≈..≈≈...♣♣♣♣≈.≈♣ **≈,
≈≈≈≈≈≈≈.♣♣♣≈..≈≈≈≈≈.......♣ **,≈≈


You could see a seven-headed hydra (burning) and a spiny frog.

Vanquished Creatures
  Kirke (Lair:5)
  An orc warlord (Orc:1)
  The ghost of Azzok the Severer, a journeyman MiFi of Okawaru (Lair:4)
  Josephine (Orc:2)
  5 ogre magi (Orc:2)
  Erolcha (Orc:2)
  15 hydras
  2 ghost crabs (Swamp:3)
  Erica (D:9)
  Fannar (Orc:1)
  3 alligators
  2 two-headed ogres
  A death yak (Lair:2)
  2 orc high priests
  Nergalle (Orc:2)
  4 swamp dragons
  A spriggan druid (Swamp:3)
  An unseen horror (D:10)
  A shambling mangrove (Swamp:3)
  Pikel (D:7)
  8 orc sorcerers
  13 elephants
  5 black mambas
  Psyche (D:8)
  7 rime drakes
  36 spiny frogs
  10 komodo dragons
  2 polar bears
  6 trolls
  2 jumping spiders (Lair:2)
  7 tyrant leeches
  5 hornets
  31 blink frogs
  9 slime creatures
  5 bog bodies
  14 dream sheep
  13 hippogriffs
  2 shadows (Swamp:2)
  14 spriggans
  6 wraiths
  9 yaks
  A hog (Lair:5)
  10 basilisks
  6 wyverns
  11 vampire mosquitoes
  7 swamp worms
  3 insubstantial wisps (Swamp:3)
  4 wargs
  13 water moccasins
  12 porcupines
  A hornet zombie (D:9)
  19 orc warriors
  A black bear (Lair:4)
  Purgy (Sewer)
  3 ice beasts
  2 sky beasts
  7 swamp drakes
  4 phantoms
  39 wolves
  11 ogres
  3 boggarts (Lair:5)
  2 centaurs
  16 crocodiles
  3 big kobolds (D:8)
  23 bullfrogs
  A gnoll sergeant (D:9)
  A scorpion (D:4)
  2 water moccasin skeletons
  10 killer bees
  3 electric eels
  2 howler monkeys
  5 crimson imps
  A bullfrog zombie (D:7)
  2 quasits
  A centaur zombie (D:9)
  3 jellies
  14 orc priests
  8 hounds
  31 orc wizards
  A bullfrog skeleton (D:10)
  5 iguanas
  5 worker ants
  10 hell rats
  A statue (D:9)
  11 gnolls
  A howler monkey zombie (D:9)
  13 adders
  A river rat (D:4)
  3 oozes
  3 adder skeletons
  2 adder zombies
  4 worms
  5 dart slugs
  5 leopard geckos
  94 orcs
  3 ball pythons
  10 giant cockroaches
  7 goblins
  5 hobgoblins
  2 jackals (D:2)
  3 quokkas
  4 bats
  12 frilled lizards
  4 kobolds
  10 rats
761 creatures vanquished.

Vanquished Creatures (collateral kills)
  An elephant (Lair:3)
  2 wolves (Lair:3)
  A hell rat (Lair:6)
4 creatures vanquished.

Vanquished Creatures (others)
  2 humans (Lair:5)
  A slave (D:7)
  19 fungi
  35 plants
  7 toadstools (Lair:3)
64 creatures vanquished.

Grand Total: 829 creatures vanquished

Notes
Turn   | Place    | Note
-------+----------+-------------------------------------------
     0 | D:1      | nubinia the Formicid Earth Elementalist began the quest for the Orb.
     0 | D:1      | Reached XP level 1. HP: 13/13 MP: 3/3
   187 | D:1      | Reached skill level 4 in Earth Magic
   187 | D:1      | Reached XP level 2. HP: 6/19 MP: 1/5
  1304 | D:1      | Learned a level 2 spell: Passwall
  1416 | D:1      | Reached XP level 3. HP: 25/25 MP: 6/6
  1424 | D:1      | Learned a level 3 spell: Stone Arrow
  2417 | D:2      | Reached XP level 4. HP: 25/31 MP: 7/7
  2420 | D:2      | Reached skill level 1 in Maces & Flails
  2724 | D:2      | Reached skill level 1 in Fighting
  3184 | D:3      | Found a blossoming altar of Fedhas.
  3617 | D:3      | Found a deep blue altar of Sif Muna.
  3629 | D:3      | Became a worshipper of Sif Muna the Loreminder
  3661 | D:3      | Found a shattered altar of Ashenzari.
  4057 | D:3      | Reached XP level 5. HP: 35/37 MP: 6/9
  4958 | D:4      | Found a glowing drain.
  4983 | Sewer    | Entered a sewer
  5071 | Sewer    | Noticed Purgy
  5079 | Sewer    | Killed Purgy
  5079 | Sewer    | Reached skill level 1 in Conjurations
  5079 | Sewer    | Reached skill level 5 in Earth Magic
  5079 | Sewer    | Reached XP level 6. HP: 23/43 MP: 2/10
  5180 | Sewer    | Reached * piety under Sif Muna
  5298 | D:4      | Noticed an ogre
  5300 | D:4      | Killed an ogre
  5300 | D:4      | Reached XP level 7. HP: 49/49 MP: 8/11
  5860 | D:5      | Entered Level 5 of the Dungeon
  6027 | D:5      | Reached skill level 6 in Earth Magic
  6547 | D:5      | Reached XP level 8. HP: 50/56 MP: 9/13
  6603 | D:5      | Reached skill level 1 in Armour
  6962 | D:6      | Reached ** piety under Sif Muna
  7364 | D:6      | Reached skill level 1 in Short Blades
  7394 | D:6      | Found a hazy altar of Hepliaklqana.
  7438 | D:6      | Found an iron altar of Okawaru.
  7470 | D:6      | Found a shimmering altar of Xom.
  7702 | D:6      | Reached skill level 1 in Shields
  7724 | D:6      | Noticed a hippogriff
  7747 | D:6      | Killed a hippogriff
  7747 | D:6      | Reached XP level 9. HP: 39/62 MP: 2/15
  7999 | D:6      | Found a shimmering altar of Xom.
  8374 | D:6      | Reached skill level 7 in Earth Magic
  8559 | D:6      | Found a stormy altar of Qazlal.
  8776 | D:7      | Learned a level 1 spell: Beastly Appendage
  8786 | D:7      | Found an ornate altar of the Wu Jian Council.
  8881 | D:7      | Found a staircase to the Ecumenical Temple.
  9243 | D:7      | Found Iniedyfe's Book Emporium.
  9575 | D:7      | Noticed Pikel
  9605 | D:7      | Killed Pikel
  9605 | D:7      | Reached *** piety under Sif Muna
  9608 | D:7      | Found an opulent altar of Gozag.
  9668 | D:7      | Reached skill level 5 in Transmutations
 10014 | D:8      | Reached skill level 8 in Earth Magic
 10143 | D:8      | Noticed Psyche
 10185 | D:8      | Noticed a hippogriff
 10201 | D:8      | Killed a hippogriff
 10201 | D:8      | Reached XP level 10. HP: 16/70 MP: 1/17
 10480 | D:8      | Found a white marble altar of Elyvilon.
 10508 | D:8      | Found a shadowy altar of Dithmenos.
 10510 | D:8      | Reached skill level 5 in Spellcasting
 10636 | D:8      | Killed Psyche
 10804 | D:8      | Learned a level 2 spell: Sticks to Snakes
 10836 | D:8      | Found an opulent altar of Gozag.
 11024 | D:8      | Reached skill level 5 in Stealth
 11119 | D:8      | Reached skill level 1 in Evocations
 11276 | D:8      | Noticed a two-headed hydra
 11284 | D:8      | Killed a two-headed hydra
 11284 | D:8      | Reached skill level 5 in Conjurations
 11284 | D:8      | Reached skill level 9 in Earth Magic
 11293 | D:8      | Reached **** piety under Sif Muna
 11504 | D:8      | Reached XP level 11. HP: 70/76 MP: 1/19
 12848 | D:9      | Learned a level 4 spell: Petrify
 12872 | D:9      | Learned a level 3 spell: Conjure Flame
 12885 | D:9      | Found a radiant altar of Vehumet.
 12894 | D:9      | Learned a level 5 spell: Lee's Rapid Deconstruction
 13196 | D:9      | Reached skill level 1 in Fire Magic
 13403 | D:9      | Reached ***** piety under Sif Muna
 13412 | D:9      | Reached skill level 10 in Earth Magic
 13635 | D:9      | Noticed a two-headed ogre
 13638 | D:9      | Found a staircase to the Orcish Mines.
 13643 | D:9      | Killed a two-headed ogre
 14202 | D:10     | Entered Level 10 of the Dungeon
 14795 | D:10     | Found a staircase to the Lair.
 15041 | D:10     | Identified Sif Muna's Disquisition on Feathery Poisoning (Sif Muna gifted it to you on level 10 of the Dungeon)
 15041 | D:10     | Received a gift from Sif Muna
 15180 | D:10     | Noticed an unseen horror
 15186 | D:10     | Killed an unseen horror
 15493 | Lair:1   | Entered Level 1 of the Lair of Beasts
 15792 | Lair:1   | Reached XP level 12. HP: 83/83 MP: 19/22
 16083 | Lair:1   | Reached skill level 11 in Earth Magic
 16097 | Lair:1   | Reached skill level 1 in Unarmed Combat
 16173 | Lair:1   | Noticed an eight-headed hydra
 16302 | Lair:1   | Killed an eight-headed hydra
 16942 | Lair:2   | Learned a level 2 spell: Throw Flame
 17062 | Lair:2   | Found a hole to the Spider Nest.
 17065 | Lair:2   | Identified Sif Muna's Volume of Conjuration and Transmigration (Sif Muna gifted it to you on level 2 of the Lair of Beasts)
 17065 | Lair:2   | Received a gift from Sif Muna
 17121 | Lair:2   | Found a staircase to the Swamp.
 17125 | Lair:2   | Noticed a five-headed hydra
 17125 | Lair:2   | Found a hide-covered altar of Uskayaw.
 17140 | Lair:2   | Killed a five-headed hydra
 17628 | Lair:2   | Upgraded the game from 0.20-a0-1089-g3fde505 to 0.20-a0-1101-g1de9d76
 17739 | Lair:3   | Reached skill level 12 in Earth Magic
 17749 | Lair:3   | Reached XP level 13. HP: 72/88 MP: 12/24
 17848 | Lair:3   | Identified a scroll of acquirement
 17849 | Lair:3   | Got a pair of blackened boots
 17863 | Lair:3   | Identified the +0 pair of boots of Luxikeoc {Regen+} (You acquired it on level 3 of the Lair of Beasts)
 18833 | Lair:2   | Learned a level 4 spell: Sticky Flame
 18945 | Lair:3   | Reached skill level 5 in Dodging
 19034 | Lair:3   | Found a runed door.
 19941 | Lair:3   | Noticed a catoblepas
 19968 | Lair:3   | Noticed a dire elephant
 20094 | Lair:4   | Identified Qiel's Tome of Supportive Clay (Sif Muna gifted it to you on level 4 of the Lair of Beasts)
 20094 | Lair:4   | Received a gift from Sif Muna
 20178 | Lair:4   | Noticed Azzok's ghost (journeyman MiFi)
 20365 | Lair:4   | Reached skill level 5 in Fire Magic
 20848 | Lair:4   | Gained mutation: Your spells are a little easier to cast, but a little less powerful. [potion of mutation]
 20848 | Lair:4   | Gained mutation: You are partially covered in molten scales. (AC +2) [potion of mutation]
 20848 | Lair:4   | Gained mutation: Scrolls take you a little longer to read. [potion of mutation]
 20848 | Lair:4   | Gained mutation: You are somewhat resistant to further mutation. [potion of mutation]
 20859 | Lair:4   | Lost mutation: You are partially covered in molten scales. (AC +2) [potion of mutation]
 20859 | Lair:4   | Lost mutation: Scrolls take you a little longer to read. [potion of mutation]
 20859 | Lair:4   | Lost mutation: You are somewhat resistant to further mutation. [potion of mutation]
 20859 | Lair:4   | Gained mutation: You are partially covered in icy blue scales. (AC +2) [potion of mutation]
 20859 | Lair:4   | Gained mutation: You passively map a small area around you. [potion of mutation]
 20859 | Lair:4   | Gained mutation: Your flesh is cold resistant. (rC+) [potion of mutation]
 21102 | Lair:4   | Killed Azzok's ghost
 21493 | Lair:5   | Reached XP level 14. HP: 89/96 MP: 26/26
 21575 | Lair:5   | Noticed Kirke
 21607 | Lair:5   | Killed Kirke
 21607 | Lair:5   | Reached skill level 13 in Earth Magic
 21881 | Lair:5   | Reached skill level 10 in Transmutations
 22518 | Lair:5   | Reached skill level 5 in Short Blades
 22684 | Lair:5   | Identified Sif Muna's Reference Book on Combat Magic and Evil (Sif Muna gifted it to you on level 5 of the Lair of Beasts)
 22684 | Lair:5   | Received a gift from Sif Muna
 23690 | Lair:6   | Entered Level 6 of the Lair of Beasts
 23691 | Lair:6   | Found a viscous altar of Jiyva.
 23691 | Lair:6   | Found a staircase to the Slime Pits.
 24061 | Lair:6   | Reached skill level 10 in Conjurations
 24720 | Lair:6   | Reached XP level 15. HP: 84/101 MP: 23/28
 24955 | Lair:6   | Identified Yfrane's Incunabulum of Confrontation (Sif Muna gifted it to you on level 6 of the Lair of Beasts)
 24955 | Lair:6   | Received a gift from Sif Muna
 24963 | Lair:6   | Learned a level 4 spell: Force Lance
 25124 | Lair:6   | Reached skill level 10 in Spellcasting
 25343 | Lair:6   | Reached skill level 1 in Translocations
 27277 | D:10     | Learned a level 3 spell: Mephitic Cloud
 27362 | Orc:1    | Entered Level 1 of the Orcish Mines
 27362 | Orc:1    | Noticed Erica
 27375 | D:9      | Killed Erica
 27753 | Orc:1    | Reached skill level 5 in Fighting
 27960 | Orc:1    | Noticed Fannar
 28171 | Orc:1    | Noticed an orc warlord
 28403 | Orc:1    | Killed an orc warlord
 28713 | Orc:1    | Killed Fannar
 28814 | Orc:1    | Received a gift from Sif Muna
 28865 | Orc:1    | Learned a level 5 spell: Iskenderun's Battlesphere
 28872 | Orc:2    | Entered Level 2 of the Orcish Mines
 29250 | Orc:2    | Found a staircase to the Elven Halls.
 29492 | Orc:2    | Noticed Josephine
 29666 | Orc:2    | Killed Josephine
 30008 | Orc:2    | Found Jupsulas's Antique Armour Shoppe.
 30027 | Orc:2    | Reached skill level 14 in Earth Magic
 30083 | Orc:2    | Bought a pair of embroidered gloves for 262 gold pieces
 30083 | Orc:2    | Bought a faintly humming robe for 199 gold pieces
 30113 | Orc:2    | Found a radiant altar of Vehumet.
 30126 | Orc:2    | Noticed Erolcha
 30135 | Orc:2    | Killed Erolcha
 30225 | Orc:2    | Found Hyakhlaehi's Book Emporium.
 30474 | Orc:2    | Noticed an orc warlord
 30757 | Orc:2    | Reached XP level 16. HP: 110/110 MP: 31/31
 30824 | Orc:2    | Reached skill level 1 in Charms
 30964 | Orc:2    | Found Yptupno's Magic Scroll Emporium.
 30977 | Orc:2    | Found an ancient bone altar of Kikubaaqudgha.
 30992 | Orc:2    | Noticed Nergalle
 31062 | Orc:2    | Killed Nergalle
 31152 | Orc:2    | Bought a scroll of identify for 28 gold pieces
 31152 | Orc:2    | Identified the cursed +1 robe "Qurphy" {-Cast rElec rN++ Dex+3} (You bought it in a shop on level 2 of the Orcish Mines)
 31314 | Orc:2    | Found a roughly hewn altar of Beogh.
 31337 | Orc:2    | Found Pusoum's Gadget Emporium.
 31659 | Swamp:1  | Entered Level 1 of the Swamp
 33322 | Swamp:3  | Identified Sif Muna's Handbook of the Voyage and Battle Magic (Sif Muna gifted it to you on level 3 of the Swamp)
 33322 | Swamp:3  | Received a gift from Sif Muna
 34130 | Swamp:3  | Found a blossoming altar of Fedhas.
 34176 | Swamp:3  | Learned a level 1 spell: Magic Dart
 35391 | Swamp:4  | Entered Level 4 of the Swamp
 35594 | Swamp:4  | Quit the game

Vault maps used:
D:1:      elethiomel_arrival_maze
D:2:      minivault_23
D:3:      nicolae_ashenzari_panopticon, nicolae_overflow_crystal_walls,
          fedhas_altar_fruit_tree
D:4:      first_bread, gup_sewer_entry_bubbles, grunt_ministairs_4,
          dk_noncrumbling_4
D:6:      nicolae_overflow_hidden_temple, old_standard_altar, xom_redecorated,
          kennysheep_okawaru_gauntlet, minmay_misc_feat_tiny
D:7:      lemuel_coloured_pillars_altar, lemuel_doored_altar,
          minmay_temple_entry_junction, serial_shops, shop, uniq_pikel
D:8:      old_standard_altar, overflow_temple_1_default, hangedman_ranch,
          nicolae_gozag_cash_rules_everything_around_me, uniq_psyche
D:9:      vehumet_statue, minmay_orc_entry_guard_dogs
D:10:     erik_lair_dragon
Lair:1:   st_stairs_9
Lair:2:   minmay_swamp_entry_reptiles, spider_nest_entry_a, basic_altar
Lair:3:   gammafunk_lair_enchanted_lake, grunt_forest_large_clearings,
          lemuel_fruit_fields
Lair:4:   grunt_megastairs_1, lemuel_fruit_fields
Lair:5:   kb_forest_paths, infiniplex_staircase_pool_2, uniq_kirke
Lair:6:   minmay_lair_end_frog_pond, slime_altar_1
Swamp:1:  evilmike_swamp_ruin_house_2
Swamp:2:  wheals_swamp_sinkhole, swamp_pool3
Swamp:3:  basic_altar
Swamp:4:  grunt_swamp_rune_castle, portal_ice_cave_entry_dragon, swamp_pool3,
          grunt_ruined_hall
Orc:1:    uniq_erica, uniq_fannar
Orc:2:    kennysheep_orc_mage_school, uniq_josephine
Sewer:    sewer_co_purgy_island

Skill      XL: |  1  2  3  4  5  6  7  8  9 10 11 12 13 14 15 16 |
---------------+-------------------------------------------------+-----
Earth Magic    | 4 5 6 8 9 10 12 13 14 | 14.5
Dodging        | 2 3 4 5 |  5.2
Maces & Flails | 1 2 |  2.7
Fighting       | 1 2 3 4 5 6 |  6.7
Stealth        | 3 4 5 6 7 8 |  8.1
Spellcasting   | 3 4 5 6 7 8 9 11 12 | 12.4
Conjurations   | 1 2 3 4 5 6 7 8 10 11 12 | 12.2
Transmutations | 2 4 5 6 7 8 9 10 11 | 11.0
Armour         | 1 2 3 4 |  4.4
Short Blades   | 2 3 4 5 |  5.0
Shields        | 1 2 3 4 |  4.0
Evocations     | 1 |  1.8
Fire Magic     | 2 4 5 6 7 |  7.9
Unarmed Combat | 3 |  3.8
Translocations | 1 2 |  2.1
Charms         | 3 |  3.0

Action                   |  1- 3 |  4- 6 |  7- 9 | 10-12 | 13-15 | 16-18 || total
-------------------------+-------+-------+-------+-------+-------+-------++-------
Melee: Club              |   105 |       |       |       |       |       ||   105
       Mace              |    16 |   126 |    67 |       |       |       ||   209
       Dagger            |       |       |   337 |   438 |   272 |    34 ||  1081
       Kick              |       |       |    13 |    41 |       |       ||    54
       Staff             |       |       |       |       |     3 |       ||     3
 Cast: Sandblast         |    15 |    35 |    51 |    75 |    44 |       ||   220
       Stone Arrow       |       |       |    23 |   203 |   237 |    31 ||   494
       Beastly Appendage |       |       |     8 |    14 |       |       ||    22
       Petrify           |       |       |       |    21 |    32 |       ||    53
       Lee's Rapid Decon |       |       |       |     7 |     8 |       ||    15
       Passwall          |       |       |       |     2 |     1 |       ||     3
       Conjure Flame     |       |       |       |     1 |    15 |     1 ||    17
       Throw Flame       |       |       |       |       |   718 |   196 ||   914
       Sticky Flame      |       |       |       |       |   110 |    14 ||   124
       Sticks to Snakes  |       |       |       |       |     4 |       ||     4
       Force Lance       |       |       |       |       |    66 |    78 ||   144
       Iskenderun's Batt |       |       |       |       |    30 |    79 ||   109
       Mephitic Cloud    |       |       |       |       |     2 |       ||     2
       Magic Dart        |       |       |       |       |       |     7 ||     7
Invok: Divine Energy     |       |       |     1 |       |       |       ||     1
       Forget Spell      |       |       |       |       |     2 |       ||     2
 Abil: Dig               |     1 |     9 |     2 |     5 |    21 |     1 ||    39
Evoke: Wand              |       |       |       |     8 |    12 |     8 ||    28
       Lamp of fire      |       |       |       |       |     1 |     1 ||     2
  Use: Potion            |     1 |     4 |     1 |       |     5 |       ||    11
       Scroll            |       |    10 |     5 |     8 |    10 |     6 ||    39
 Stab: Sleeping          |     6 |     4 |     8 |    10 |       |       ||    28
       Distracted        |       |     1 |       |     2 |       |       ||     3
       Petrified         |       |       |       |    33 |    25 |       ||    58
       Petrifying        |       |       |       |     3 |     4 |       ||     7
       Confused          |       |       |       |       |     1 |       ||     1
  Eat: Chunk             |     5 |    19 |    15 |    56 |    52 |    21 ||   168
       Royal jelly       |       |       |       |       |     2 |     2 ||     4
       Fruit             |       |       |       |       |       |     1 ||     1
Armor: Robe              |    26 |    23 |       |       |       |       ||    49
       Leather armour    |       |       |   132 |   155 |   207 |    48 ||   542
Dodge: Dodged            |    80 |    94 |   204 |   301 |   298 |    63 ||  1040
Block: Buckler           |       |    14 |    49 |    91 |   107 |    28 ||   289
